 Dungeon Crawl Stone Soup version 0.23-a0-275-g0cf4261 (webtiles) character file.

228136 Amnesiac the Spry (level 18, -2/152 HPs)
             Began as a Vampire Earth Elementalist on Oct 2, 2018.
             Was the Champion of Ashenzari.
             Shot with an arrow by a deep elf master archer (26 damage)
             ... on level 3 of the Elven Halls.
             The game lasted 02:21:50 (40107 turns).

Amnesiac the Spry (Vampire Earth Elementalist)     Turns: 40107, Time: 02:21:51

Health: -2/152     AC: 17    Str:  7    XL:     18   Next: 69%
Magic:  17/34      EV: 28    Int: 33    God:    Ashenzari [******]
Gold:   342        SH:  7    Dex: 18    Spells: 2/27 levels left

rFire    . . .     SeeInvis +   a - +6 rapier of Esisoap {pain, rN+ MR+ Int+7 Dex-3} (curse)
rCold    + + .     Gourm    .   o - +1 buckler {AC+3}
rNeg     + + +     Faith    .   r - +2 robe {Archmagi}
rPois    ∞         Spirit   .   y - +3 crown of Dyrovepreva {rElec Int+2 SInv}
rElec    +         Reflect  .   j - +0 cloak
rCorr    .         Harm     .   C - +2 pair of gloves {archery}
MR       ++++.     Clarity  +   e - +0 pair of boots
Stlth    +++++++++.             Y - amulet of Pozec {Regen+ Slay+6} (curse)
HPRegen  0.00/turn              O - +5 ring of dexterity
MPRegen  0.24/turn              G - ring of Muiwo {rElec MR+ MP+9 Slay+3} (curse)

@: bloodless, non-regenerating
A: fangs 3, slimy green scales 1, see invisible, magic resistance 1, screaming
1, electricity resistance, unbreathing
}: 1/15 runes: gossamer
a: Bat Form, Curse Item, Scrying, Transfer Knowledge, Renounce Religion


You were on level 3 of the Elven Halls.
You worshipped Ashenzari.
Ashenzari was exalted by your worship.
You were bloodless.

You visited 7 branches of the dungeon, and saw 28 of its levels.
You also visited: Labyrinth and Sewer.

You collected 3246 gold pieces.
You spent 2904 gold pieces at shops.

Inventory:

Hand Weapons
 a - the cursed +6 rapier of Esisoap (weapon) {pain, rN+ MR+ Int+7 Dex-3}
   (You found it on level 4 of the Lair of Beasts)

   In the hands of one skilled in necromantic magic, it inflicts extra damage on
   living creatures.
   It affects your intelligence (+7).
   It affects your dexterity (-3).
   It protects you from negative energy.
   It affects your resistance to hostile enchantments.
   It has a curse placed upon it.
Missiles
 b - 346 stones (quivered)
Armour
 e - a +0 pair of boots (worn)
 j - a +0 cloak (worn)
 o - a +1 buckler of protection (worn)
 r - a +2 robe of the Archmagi (worn)
 y - the +3 crown of Dyrovepreva (worn) {rElec Int+2 SInv}
   (You bought it in a shop on level 2 of the Orcish Mines)

   It affects your intelligence (+2).
   It insulates you from electricity.
   It lets you see invisible.
 C - a +2 pair of gloves of archery (worn)
Jewellery
 n - an uncursed ring of protection from fire
 u - an uncursed ring of protection from magic
 G - the cursed ring of Muiwo (right hand) {rElec MR+ MP+9 Slay+3}
   (You bought it in a shop on level 10 of the Dungeon)

   [ring of protection from magic]

   It affects your accuracy and damage with ranged weapons and melee attacks
   (+3).
   It insulates you from electricity.
   It affects your resistance to hostile enchantments.
   It affects your magic capacity (+9).
   It has a curse placed upon it.
 M - an uncursed ring of flight
 O - a +5 ring of dexterity (left hand)
 Y - the cursed amulet of Pozec (around neck) {Regen+ Slay+6}
   (You found it in a labyrinth)

   [amulet of regeneration]

   It affects your accuracy and damage with ranged weapons and melee attacks
   (+6).
   It increases your rate of regeneration.
   It has a curse placed upon it.
 Z - an uncursed ring of resist corrosion
Wands
 d - a wand of disintegration (11)
 v - a wand of digging (4)
 D - a wand of enslavement (13)
 K - a wand of clouds (7)
 P - a wand of scattershot (19)
 R - a wand of acid (44)
 V - a wand of polymorph (4)
 W - a wand of iceblast (16)
 X - a wand of paralysis (31)
Scrolls
 f - 8 scrolls of remove curse {!r}
 l - 13 scrolls of teleportation {!r}
 p - 3 scrolls of fear {!r}
 t - a scroll of enchant armour {!r}
 w - a scroll of acquirement {!r}
 B - 5 scrolls of magic mapping {!r}
 E - 3 scrolls of fog {!r}
 I - a scroll of blinking {!r}
 J - 7 scrolls of identify {!r}
 L - 3 scrolls of enchant weapon {!r}
 N - 5 scrolls of amnesia {!r}
Potions
 c - 5 potions of mutation {!q}
 g - 2 potions of might {!q}
 h - a potion of flight {!q}
 i - a potion of invisibility {!q}
 k - 12 potions of heal wounds {!q}
 m - 2 potions of resistance {!q}
 q - 8 potions of curing {!q}
 x - 3 potions of agility {!q}
 z - a potion of brilliance {!q}
 A - 17 potions of blood {!q}
 F - 3 potions of ambrosia {!q}
 U - 4 potions of haste {!q}
Miscellaneous
 s - a lamp of fire
 H - a phial of floods


   Skills:
 + Level 16.3 Fighting
 - Level 10.0(14.3) Short Blades
 + Level 19.1 Dodging
 - Level 18.0 Stealth
 - Level 8.0 Shields
 - Level 5.0 Spellcasting
 - Level 5.1(8.1) Necromancy
 - Level 10.2(13.0) Transmutations
 - Level 10.2(13.0) Earth Magic
 - Level 4.0(6.8) Evocations


You had 2 spell levels left.
You knew the following spells:

 Your Spells              Type           Power        Failure   Level  Hunger
a - Sandblast             Erth           ######       1%          1    None
b - Passwall              Tmut/Erth      #######.     1%          2    None
c - Spectral Weapon       Hex/Chrm       ###.....     12%         3    None
d - Lee's Rapid Deconstr  Erth           #######...   1%          5    #####..
e - Petrify               Tmut/Erth      #######.     1%          4    ###....
f - Vampiric Draining     Necr           #######...   1%          3    None
r - Regeneration          Chrm/Necr      ######....   2%          3    None
w - Mephitic Cloud        Conj/Pois/Air  ###.....     12%         3    None
z - Confusing Touch       Hex            ###...       4%          1    None

Your spell library contained the following spells:

 Spells                   Type           Power        Failure   Level  Hunger
 Animate Skeleton         Necr           N/A          1%          1    None
 Pain                     Necr           ####         1%          1    None
 Apportation              Tloc           ###...       4%          1    None
 Corona                   Hex            ###....      4%          1    None
 Flame Tongue             Conj/Fire      ###..        4%          1    None
 Infusion                 Chrm           ###.         4%          1    None
 Magic Dart               Conj           ###.         4%          1    None
 Shock                    Conj/Air       ###.         4%          1    None
 Summon Small Mammal      Summ           ###.         4%          1    None
 Call Imp                 Summ           ###.....     6%          2    None
 Ensorcelled Hibernation  Hex/Ice        ###...       6%          2    None
 Poisonous Vapours        Pois/Air       ###...       6%          2    None
 Shroud of Golubria       Chrm/Tloc      ###.......   6%          2    None
 Song of Slaying          Chrm           ###.....     6%          2    None
 Swiftness                Chrm/Air       ###.....     6%          2    None
 Stone Arrow              Conj/Erth      ######       1%          3    None
 Animate Dead             Necr           N/A          1%          4    ###....
 Ice Form                 Ice/Tmut       ######..     3%          4    ###....
 Call Canine Familiar     Summ           ###.....     12%         3    None
 Confuse                  Hex            ###.....     12%         3    None
 Conjure Flame            Conj/Fire      ###.....     12%         3    None
 Dazzling Spray           Conj/Hex       ###...       12%         3    None
 Recall                   Summ/Tloc      N/A          12%         3    None
 Static Discharge         Conj/Air       ###.....     12%         3    None
 Summon Guardian Golem    Hex/Summ       ###.....     12%         3    None
 Tukima's Dance           Hex            ###.....     12%         3    None
 Airstrike                Air            ###.......   36%         4    ###....
 Summon Ice Beast         Ice/Summ       ###.....     36%         4    ###....
 Summon Lightning Spire   Summ/Air       ###.....     36%         4    ###....
 Force Lance              Conj/Tloc      ###.....     38%         4    ###....
 Lightning Bolt           Conj/Air       ###.......   75%         5    #####..
 Metabolic Englaciation   Hex/Ice        ###.......   75%         5    #####..
 Summon Forest            Summ/Tloc      ###.......   75%         5    #####..
 Simulacrum               Ice/Necr       ######....   77%         6    ######.
 Bolt of Cold             Conj/Ice       ###.......   99%         6    ######.
 Bolt of Fire             Conj/Fire      ###.......   99%         6    ######.
 Freezing Cloud           Conj/Ice/Air   ###.......   99%         6    ######.
 Ozocubu's Refrigeration  Ice            ###.......   99%         6    ######.
 Malign Gateway           Summ/Tloc      ###.......   100%        7    #######
 Ring of Flames           Chrm/Fire      ###.......   100%        7    #######


Dungeon Overview and Level Annotations

Branches:
Dungeon (11/15)            Temple (1/1) D:4            Lair (6/6) D:11
 Shoals (1/4) Lair:4       Spider (4/4) Lair:2        Slime (0/5) Lair:5
    Orc (2/2) D:9             Elf (3/3) Orc:2

Altars:
Ashenzari
Dithmenos
Elyvilon
Fedhas
Gozag
Hepliaklqana
Kikubaaqudgha
Makhleb
Nemelex Xobeh
Okawaru
Qazlal
Vehumet
Xom
Yredelemnul
Zin
Beogh
Jiyva

Shops:
D:4 }   D:8 (   D:10 =   Orc:2 [*(%   Elf:2 *   Elf:3 [

Annotations:
D:6 1 exclusion
Lair:5 1 runed door, exclusion: player ghost, PegasusDuck's ghost, journeyman DsFE
Lair:6 1 runed door, feelmyfire's ghost, journeyman DrCj


Innate Abilities, Weirdness & Mutations

You do not heal naturally.
You are immune to poison.
You have razor-sharp teeth.
You have supernaturally acute eyesight. (SInv)
You can survive without breathing.
You are partially covered in slimy green scales. (AC +2)
You are resistant to hostile enchantments. (MR+)
You occasionally shout uncontrollably at your foes.
You are resistant to electric shocks. (rElec)


Message History

The deep elf master archer is engulfed in noxious fumes.
The deep elf master archer appears confused.
You see here a cursed +0 rapier.
You puncture the deep elf master archer!
The deep elf master archer writhes in agony.
The deep elf master archer is lightly wounded.
The deep elf master archer seems less confused.
You hit the deep elf master archer.
The deep elf master archer writhes in agony.
The deep elf master archer is moderately wounded.
The deep elf master archer shoots an arrow.
The arrow hits you!!
You barely miss the deep elf master archer.
The deep elf master archer is moderately wounded.
You miss the deep elf master archer.
The deep elf master archer is moderately wounded.
The deep elf master archer shoots an arrow.
The arrow completely misses you.
You puncture the deep elf master archer!
The deep elf master archer writhes in agony.
The deep elf master archer is heavily wounded.
The deep elf master archer shoots an arrow.
The arrow hits you!
* * * LOW HITPOINT WARNING * * *
You hit the deep elf master archer.
The deep elf master archer writhes in agony.
The deep elf master archer is heavily wounded.
The deep elf master archer shoots an arrow.
The arrow hits you!!
* * * LOW HITPOINT WARNING * * *
You closely miss the deep elf master archer.
The deep elf master archer is heavily wounded.
You barely miss the deep elf master archer.
The deep elf master archer is heavily wounded.
The deep elf master archer shoots an arrow.
The arrow hits you.
* * * LOW HITPOINT WARNING * * *
Casting: Mephitic Cloud (safe; 12% risk of failure)
Confirm with . or Enter, or press ? or * to list all spells.
Okay, then.
Casting: Mephitic Cloud (safe; 12% risk of failure)
Confirm with . or Enter, or press ? or * to list all spells.
Aiming: Vampiric Draining (safe; 1% risk of failure)
Press: ? - help, Shift-Dir - straight line, f/p - deep elf master archer
Aim: a deep elf master archer, wielding a longbow and wearing a leather armour You feel a surge of power!
The deep elf master archer is severely wounded.
You feel life coursing into your body.
The deep elf master archer shoots an arrow.
You block the arrow.
The deep elf master archer shoots an arrow.
The arrow hits you!!
* * * LOW HITPOINT WARNING * * *
Casting: Vampiric Draining (safe; 1% risk of failure)
Confirm with . or Enter, or press ? or * to list all spells.
Aiming: Vampiric Draining (safe; 1% risk of failure)
Press: ? - help, Shift-Dir - straight line, f/p - deep elf master archer
Aim: a deep elf master archer, wielding a longbow and wearing a leather armour You feel a surge of power!
The deep elf master archer is almost dead.
You feel life coursing into your body.
The deep elf master archer shoots an arrow.
The arrow hits you!!
You die...

###.........# #.# #######.#
#...........# #.# ##'# #
#.#.........# #.# ##...
###.#.........# #)### ##....
.##.#.........# ##.#.## ###.....
..#.#.........####.....###.......
..'.#...........(.........)|.....
..#...............)...)..##..)...
.####........)..@.)......###(..[.
## #...<....#..e.)...(.(# #.(...
# #........#...).)..∩..# #..)(.
#....................# ###)[.
#........#.........(.# #..[.
##....(...#.....).....####(.[.
#######.....####............##.).
.....##.....# ##.#########.##())
.....####.### ### #####(#


You could see a deep elf master archer.

Vanquished Creatures
  Nikola (Spider:1)
  4 deep elf blademasters (Elf:3)
  A deep elf master archer (Elf:3)
  Agnes (Spider:1)
  A kraken (Shoals:1)
  Kirke (Lair:4)
  6 deep elf sorcerers
  An orc warlord (Orc:1)
  4 ghost moths
  9 emperor scorpions
  6 deep elf elementalists (Elf:3)
  An entropy weaver (Spider:1)
  5 deep elf demonologists (Elf:3)
  6 deep elf annihilators (Elf:3)
  A minotaur (Lab)
  4 spark wasps
  A merfolk javelineer (Shoals:1)
  Snorg (Lair:4)
  4 deep elf death magi
  2 merfolk impalers (Shoals:1)
  Josephine (D:11)
  3 deep elf high priests (Elf:3)
  Harold (D:7)
  7 hydras
  28 dancing weapons
  Erica (D:9)
  5 two-headed ogres
  11 death yaks
  3 orc high priests (Orc:2)
  16 deep elf knights
  A sea snake (shapeshifter) (Elf:3)
  3 sea snakes (Shoals:1)
  A deep troll (shapeshifter) (Elf:2)
  4 harpies (Shoals:1)
  10 deep elf archers
  18 orb spiders
  6 orc knights
  An ugly thing (D:11)
  63 deep elf magi
  34 wolf spiders
  7 orc sorcerers
  4 moths of wrath
  4 oklob plants (Lair:3)
  A manticore (Shoals:1)
  A faun (Shoals:1)
  7 elephants (Lair:4)
  6 black mambas
  Joseph (D:7)
  A torpor snail (Spider:4)
  2 water nymphs (Shoals:1)
  5 spiny frogs
  7 komodo dragons
  14 demonic crawlers
  A rime drake (Lair:2)
  2 polar bears (Lair:6)
  2 merfolk (Shoals:1)
  2 trolls (Orc:1)
  22 jumping spiders
  11 hornets
  5 blink frogs (Lair:6)
  7 hippogriffs
  10 dream sheep
  3 air elementals
  Sigmund (D:2)
  65 redbacks
  26 tarantellas
  A wyvern (D:9)
  14 spriggans
  3 humans (Lair:5)
  A basilisk (D:11)
  5 fire elementals
  5 wraiths (D:11)
  2 fire bats (Lair:5)
  2 water elementals (Elf:1)
  A vampire (D:11)
  18 yaks
  6 hogs (Lair:4)
  A hungry ghost (D:7)
  2 wargs (Orc:2)
  9 porcupines
  5 water moccasins
  4 ice beasts
  5 sky beasts
  A hornet zombie (D:10)
  3 phantoms
  5 black bears
  33 orc warriors
  A sky beast (shapeshifter) (Elf:1)
  4 boggarts
  A necrophage (D:8)
  31 wolves
  8 ogres
  5 crocodiles
  12 centaurs
  12 big kobolds
  A gnoll sergeant (D:7)
  11 bullfrogs
  2 earth elementals
  2 scorpions
  13 killer bees
  10 wights
  A howler monkey (D:9)
  A troll skeleton (Lab)
  5 crimson imps
  A bullfrog zombie (D:11)
  A lava snake (Lair:5)
  2 centaur zombies
  2 quasits
  7 jellies
  A gnoll shaman (D:8)
  20 orc wizards
  18 orc priests
  A centaur skeleton (D:6)
  3 hounds
  2 bullfrog skeletons
  Jessica (D:2)
  Terence (D:1)
  3 iguanas
  4 hell rats (Lair:5)
  10 worker ants
  Robin (D:2)
  13 gnolls
  A howler monkey skeleton (D:4)
  16 adders
  5 river rats
  4 shadow imps
  4 oozes
  2 adder skeletons
  A worm (Sewer)
  7 leopard geckos
  108 orcs
  5 ball pythons
  3 bats
  7 giant cockroaches
  13 goblins
  11 hobgoblins
  10 jackals
  5 quokkas
  7 frilled lizards
  A jackal skeleton (D:8)
  A jackal zombie (D:7)
  25 kobolds
  A quokka skeleton (D:6)
  18 rats
  2 plants (Lair:3)
  A toadstool (D:1)
1089 creatures vanquished.

Vanquished Creatures (others)
  A hornet (Spider:4)
  An orc wizard (Orc:2)
  4 fungi
  2 plants
  A spectral weapon (Spider:4)
  4 tentacles (Shoals:1)
13 creatures vanquished.

Grand Total: 1102 creatures vanquished

Notes
Turn   | Place    | Note
-------+----------+-------------------------------------------
     0 | D:1      | Amnesiac the Vampire Earth Elementalist began the quest for
                  | the Orb.
     0 | D:1      | Reached XP level 1. HP: 13/13 MP: 3/3
   333 | D:2      | Reached XP level 2. HP: 13/19 MP: 0/5
   379 | D:2      | Learned a level 2 spell: Passwall
   381 | D:2      | Found a stormy altar of Qazlal.
   382 | D:2      | Noticed Sigmund
   398 | D:2      | Noticed Terence
   449 | D:3      | Reached XP level 3. HP: 14/24 MP: 0/6
   481 | D:3      | Found a basalt altar of Yredelemnul.
   481 | D:3      | Found a shadowy altar of Dithmenos.
   646 | D:4      | Found a staircase to the Ecumenical Temple.
   655 | Temple   | Entered the Ecumenical Temple
   674 | Temple   | Became a worshipper of Ashenzari the Shackled
   702 | D:4      | Noticed a centaur
   730 | D:4      | Found Quufixko's Gadget Emporium.
   771 | D:4      | Found a glowing drain.
   772 | Sewer    | Entered a sewer
   930 | Sewer    | Noticed a big kobold
   949 | Sewer    | Killed a big kobold
   949 | Sewer    | Reached XP level 4. HP: 19/30 MP: 0/7
   956 | Sewer    | Learned a level 4 spell: Petrify
  1221 | Sewer    | Noticed a big kobold
  1240 | Sewer    | Killed a big kobold
  1240 | Sewer    | Reached skill level 5 in Earth Magic
  1240 | Sewer    | Reached XP level 5. HP: 26/35 MP: 0/8
  1422 | Sewer    | Reached XP level 6. HP: 14/41 MP: 0/9
  1852 | Sewer    | Reached XP level 7. HP: 40/46 MP: 6/10
  2316 | D:4      | Reached skill level 1 in Shields
  2856 | D:1      | Reached * piety under Ashenzari
  3769 | D:1      | Killed Terence
  3769 | D:1      | Reached skill level 1 in Short Blades
  3769 | D:1      | Reached XP level 8. HP: 52/52 MP: 2/11
  4080 | D:2      | Noticed Jessica
  4082 | D:2      | Killed Jessica
  4151 | D:2      | Killed Sigmund
  4434 | D:2      | Noticed Robin
  4436 | D:2      | Killed Robin
  4915 | D:3      | Learned a level 5 spell: Lee's Rapid Deconstruction
  5014 | D:3      | Reached ** piety under Ashenzari
  5552 | D:5      | Entered Level 5 of the Dungeon
  5782 | D:5      | Found an ancient bone altar of Kikubaaqudgha.
  6686 | D:6      | Reached skill level 5 in Short Blades
  6686 | D:6      | Reached skill level 5 in Stealth
  6863 | D:6      | Reached XP level 9. HP: 57/57 MP: 11/13
  6931 | D:6      | Found a glowing silver altar of Zin.
  7106 | D:6      | Reached *** piety under Ashenzari
  7443 | D:7      | Noticed Harold
  7454 | D:7      | Killed Harold
  7458 | D:7      | Noticed Joseph
  7463 | D:7      | Found a radiant altar of Vehumet.
  7763 | D:7      | Killed Joseph
  7849 | D:7      | Reached XP level 10. HP: 63/63 MP: 10/14
  8358 | D:7      | Reached skill level 10 in Stealth
  8404 | D:7      | Reached skill level 10 in Short Blades
  8438 | D:7      | Reached skill level 1 in Fighting
  8461 | D:7      | Reached skill level 3 in Dodging
  8594 | D:8      | Reached skill level 4 in Dodging
  8940 | D:8      | Reached **** piety under Ashenzari
  9094 | D:8      | Found Aheuve's Weapon Emporium.
  9371 | D:8      | Reached skill level 5 in Dodging
  9645 | D:9      | Noticed Erica
  9924 | D:9      | Found a staircase to the Orcish Mines.
 10574 | D:9      | Killed Erica
 10574 | D:9      | Reached skill level 5 in Shields
 10606 | D:10     | Entered Level 10 of the Dungeon
 10663 | D:10     | Reached skill level 5 in Transmutations
 10778 | D:10     | Reached skill level 6 in Dodging
 10778 | D:10     | Reached XP level 11. HP: 67/78 MP: 10/15
 10880 | D:10     | Noticed a two-headed ogre
 10908 | D:10     | Killed a two-headed ogre
 11013 | D:10     | Reached skill level 1 in Evocations
 11050 | D:10     | Found Esetouji's Jewellery Shop.
 11202 | D:9      | Found an iron altar of Okawaru.
 11376 | D:10     | Learned a level 3 spell: Regeneration
 11464 | D:11     | Reached skill level 5 in Fighting
 11706 | D:11     | Noticed a white ugly thing
 11706 | D:11     | Killed a white ugly thing
 11720 | D:11     | Reached ***** piety under Ashenzari
 11728 | D:11     | Found a staircase to the Lair.
 11728 | D:11     | Noticed a death yak
 11728 | D:11     | Noticed a death yak
 11728 | D:11     | Noticed a death yak
 11728 | D:11     | Noticed a death yak
 11728 | D:11     | Noticed a death yak
 11728 | D:11     | Noticed a death yak
 11729 | D:11     | Killed a death yak
 11958 | D:10     | Found Esetouji's Jewellery Shop.
 12162 | D:10     | Killed a death yak
 12162 | D:10     | Reached skill level 7 in Dodging
 12291 | D:11     | Noticed a two-headed ogre
 12294 | D:11     | Killed a two-headed ogre
 12393 | D:11     | Noticed a two-headed ogre
 12395 | D:11     | Killed a two-headed ogre
 12472 | D:11     | Noticed Josephine
 12641 | D:11     | Killed a death yak
 12759 | D:10     | Killed a death yak
 12950 | D:10     | Killed a death yak
 13223 | D:10     | Killed a death yak
 13223 | D:10     | Reached skill level 8 in Dodging
 13223 | D:10     | Reached XP level 12. HP: 89/89 MP: 11/16
 13559 | D:11     | Killed Josephine
 13752 | D:11     | Learned a level 1 spell: Confusing Touch
 13763 | D:11     | Gained mutation: You occasionally shout uncontrollably at
                  | your foes. [potion of mutation]
 13763 | D:11     | Gained mutation: You are partially covered in slimy green
                  | scales. (AC +2) [potion of mutation]
 13763 | D:11     | Gained mutation: You are resistant to electric shocks.
                  | (rElec) [potion of mutation]
 13763 | D:11     | Gained mutation: You are resistant to hostile enchantments.
                  | (MR+) [potion of mutation]
 13779 | Lair:1   | Entered Level 1 of the Lair of Beasts
 13892 | Lair:1   | Noticed a seven-headed hydra
 13987 | Lair:1   | Killed a seven-headed hydra
 14608 | Orc:1    | Entered Level 1 of the Orcish Mines
 14634 | Orc:1    | Noticed a two-headed ogre
 14646 | Orc:1    | Killed a two-headed ogre
 14665 | Orc:1    | Reached skill level 9 in Dodging
 14744 | Orc:1    | Found a burning altar of Makhleb.
 15187 | Orc:2    | Entered Level 2 of the Orcish Mines
 15187 | Orc:2    | Found Ciobryiph's Food Shoppe.
 15210 | Orc:2    | Noticed a two-headed ogre
 15236 | Orc:2    | Killed a two-headed ogre
 15719 | Orc:2    | Found a roughly hewn altar of Beogh.
 16760 | Orc:1    | Reached skill level 10 in Dodging
 16880 | Orc:1    | Reached XP level 13. HP: 98/98 MP: 3/19
 17613 | Orc:2    | Found a staircase to the Elven Halls.
 18392 | Orc:2    | Noticed an orc warlord
 18440 | Orc:1    | Killed an orc warlord
 18440 | Orc:1    | Reached skill level 11 in Dodging
 18521 | Orc:1    | Learned a level 3 spell: Spectral Weapon
 18785 | Orc:2    | Found Orchonk's Antique Armour Shop.
 18787 | Orc:2    | Found Seoha's Antique Weapon Shop.
 18807 | Orc:2    | Found Ewkibij's General Store.
 18807 | Orc:2    | Found Oqutsu's Jewellery Boutique.
 18870 | Orc:2    | Bought a pair of embroidered gloves for 202 gold pieces
 18875 | Orc:2    | Bought a tattered robe for 153 gold pieces
 18875 | Orc:2    | Identified the +2 robe of Sovereignty {rF++ MR+ rCorr
                  | Dex-2} (You bought it in a shop on level 2 of the Orcish
                  | Mines)
 18875 | Orc:2    | Bought a crude leather armour for 189 gold pieces
 18875 | Orc:2    | Identified the +2 leather armour of the Gate {Int+5 Dex-5}
                  | (You bought it in a shop on level 2 of the Orcish Mines)
 18876 | Orc:2    | Bought a slimy large shield for 256 gold pieces
 18886 | Orc:2    | Identified the +2 large shield of the Furies {rF+ rN+ Str+2
                  | Slay-3} (You bought it in a shop on level 2 of the Orcish
                  | Mines)
 19012 | D:10     | Bought the ring of Muiwo {rElec MR+ MP+9 Slay+3} for 987
                  | gold pieces
 19302 | Lair:2   | Found a shimmering altar of Xom.
 19367 | Lair:2   | Found a hole to the Spider Nest.
 21228 | Lair:4   | Found a labyrinth entrance.
 21277 | Lair:4   | Found a staircase to the Shoals.
 21347 | Lab      | Entered a labyrinth
 21633 | Lab      | Noticed a minotaur
 21637 | Lab      | Killed a minotaur
 21638 | Lab      | Identified the Tome of Calling
 21639 | Lab      | Identified the amulet of Pozec {Regen+ Slay+6}
 21639 | Lab      | Identified the +2 pair of boots of Monotheism {rF- rN+ MR-
                  | Regen+ Int+2}
 21795 | Lair:4   | Noticed Kirke
 22055 | Lair:4   | Killed Kirke
 22055 | Lair:4   | Reached skill level 10 in Fighting
 22151 | Lair:4   | Identified the +6 rapier of Esisoap {pain, rN+ MR+ Int+7
                  | Dex-3}
 22295 | Lair:4   | Reached skill level 12 in Dodging
 22317 | Lair:4   | Reached XP level 14. HP: 110/110 MP: 1/20
 23088 | Lair:4   | Noticed Snorg
 23102 | Lair:4   | Killed Snorg
 23474 | Lair:5   | Found a staircase to the Slime Pits.
 23538 | Lair:5   | Reached ****** piety under Ashenzari
 23862 | Lair:5   | Found a viscous altar of Jiyva.
 24027 | Lair:5   | Found a runed door.
 24033 | Lair:5   | Noticed PegasusDuck's ghost (journeyman DsFE)
 24182 | Lair:5   | Reached skill level 10 in Transmutations
 24308 | Lair:4   | Reached skill level 10 in Earth Magic
 24589 | Lair:4   | Reached skill level 1 in Necromancy
 25529 | Lair:6   | Entered Level 6 of the Lair of Beasts
 25538 | Lair:6   | Reached skill level 5 in Necromancy
 25928 | Lair:6   | Found a runed door.
 25933 | Lair:6   | Noticed feelmyfire's ghost (journeyman DrCj)
 26112 | Lair:5   | Learned a level 3 spell: Mephitic Cloud
 26302 | Lair:6   | Reached skill level 5 in Spellcasting
 26610 | Lair:6   | Reached skill level 13 in Dodging
 27358 | Spider:1 | Entered Level 1 of the Spider Nest
 27543 | Spider:1 | Reached XP level 15. HP: 95/119 MP: 22/22
 27809 | Spider:1 | Noticed Nikola
 27813 | Spider:1 | Killed Nikola
 27864 | Spider:1 | Noticed Agnes
 27874 | Spider:1 | Killed Agnes
 27874 | Spider:1 | Reached skill level 14 in Dodging
 28965 | Spider:2 | Noticed a ghost moth
 28973 | Spider:2 | Killed a ghost moth
 30882 | Spider:3 | Reached XP level 16. HP: 86/129 MP: 23/23
 31058 | Spider:4 | Entered Level 4 of the Spider Nest
 31340 | Shoals:1 | Entered Level 1 of the Shoals
 31579 | Spider:4 | Reached skill level 15 in Stealth
 31774 | Spider:4 | Reached skill level 15 in Dodging
 32983 | Shoals:1 | Noticed a kraken
 33000 | Shoals:1 | Killed a kraken
 33028 | Shoals:1 | Identified the +8 dire flail of Diet Blood {crush, rC+++
                  | MR++ Stlth-}
 34478 | Spider:4 | Got a gossamer rune of Zot
 34568 | Spider:4 | Reached skill level 16 in Dodging
 34863 | Elf:1    | Entered Level 1 of the Elven Halls
 35069 | Elf:1    | Reached XP level 17. HP: 138/138 MP: 24/24
 35912 | Elf:2    | Found a runed gate.
 35912 | Elf:2    | Found a runed gate.
 35917 | Elf:2    | Found a runed gate.
 35971 | Elf:2    | Found Jano's Assorted Antiques.
 36486 | Elf:2    | Found a sparkling altar of Nemelex Xobeh.
 36731 | Elf:2    | Reached skill level 17 in Dodging
 37816 | Elf:3    | Entered Level 3 of the Elven Halls
 37929 | Elf:3    | Found Immituw's Antique Armour Emporium.
 38054 | Orc:2    | Bought the +3 crown of Dyrovepreva {rElec Int+2 SInv} for
                  | 1117 gold pieces
 38054 | Orc:2    | Found the +3 crown of Dyrovepreva {rElec Int+2 SInv}
 38213 | Elf:3    | Reached skill level 15 in Fighting
 38433 | Elf:3    | Identified the Catalogue of Attacks and Creation
 39103 | Elf:3    | Reached XP level 18. HP: 100/149 MP: 25/25
 39118 | Elf:3    | Reached skill level 18 in Dodging
 39190 | Elf:3    | Identified a scroll of acquirement {!r}
 39692 | Elf:3    | Identified the +5 mace "Yposk" {holy, rElec Dex+3} (You
                  | took it off a deep elf demonologist on level 3 of the Elven
                  | Halls)
 39725 | Elf:3    | Learned a level 3 spell: Vampiric Draining
 39993 | Elf:3    | Reached skill level 19 in Dodging
 40107 | Elf:3    | Shot with an arrow by a deep elf master archer

Vault maps used:
D:1:      nagdon_arrival_zigzag_paths, minivault_26, minivault_25
D:2:      lemuel_crystal_altar, uniq_robin, uniq_sigmund, uniq_terence,
          uniq_jessica
D:3:      gammafunk_temple_overflow_wave
D:4:      minmay_temple_entry_water_ring, gup_sewer_entry_bowl, serial_shops,
          nicolae_shop_stone, first_ration
D:5:      lemuel_round_altar, kennysheep_crisscross, minmay_splitting_lines,
          minivault_24
D:6:      zin_scriptorium
D:7:      fiery_altar_vehumet, grunt_ogre_cave, nzn_random_ring, uniq_harold,
          uniq_joseph
D:8:      serial_shops, shop
D:9:      lemuel_upstairs_altar, orc_0_dummy, uniq_erica
D:10:     serial_shops, shop_coins, kennysheep_decorative_pillar
D:11:     dpeg_lair_monsters, uniq_josephine
Temple:   nicolae_temple_elliptical
Lair:1:   minmay_holes
Lair:2:   spider_nest_entry_web_field, basic_altar
Lair:3:   minmay_lair_oklob_chamber
Lair:4:   elwin_shoals_entry_rooms, lab_entry_generic, lemuel_fruit_fields,
          uniq_snorg, uniq_kirke
Lair:5:   slaughterhouse, slime_altar_1, ebering_ghost_reflecting_pool,
          kennysheep_abandoned_house
Lair:6:   minmay_lair_end_enchanted_forest, hellmonk_ghost_happy_afterlife
Shoals:1: nicolae_shoals_kraken_intersection
Spider:1: uniq_agnes, uniq_nikola
Spider:4: guppyfry_spider_rune, spider_trap
Orc:1:    bloody_makhleb
Orc:2:    st_orc_congregation, serial_shops, shop_fountains, basic_altar
Elf:1:    minmay_elf_arrival_circle, minivault_28, hangedman_elven_ridges
Elf:2:    serial_shops, shop_statue, nemelex_altar_shiori
Elf:3:    nooodl_elf_gasket, serial_shops, shop, minmay_elf_sorcery
Lab:      nicolae_lab_dead_end
Sewer:    sewer_co_tree

Skill      XL: |  1  2  3  4  5  6  7  8  9 10 11 12 13 14 15 16 17 18 |
---------------+-------------------------------------------------------+-----
Earth Magic    | 4 5 7 8 9 10 | 10.2
Transmutations | 3 4 5 7 8 9 10 | 10.2
Shields        | 2 4 5 6 8 |  8.0
Short Blades   | 1 5 9 10 | 10.0
Spellcasting   | 3 4 5 |  5.0
Stealth        | 5 9 10 14 17 18 | 18.0
Fighting       | 4 6 8 10 11 12 13 15 16 | 16.3
Dodging        | 6 8 10 12 13 14 16 17 19 | 19.1
Evocations     | 2 4 |  4.0
Necromancy     | 5 |  5.1

Action                   |  1- 3 |  4- 6 |  7- 9 | 10-12 | 13-15 | 16-18 || total
-------------------------+-------+-------+-------+-------+-------+-------++-------
Melee: Unarmed           |    12 |       |       |       |     5 |       ||    17
       Spear             |    10 |    32 |    65 |       |       |       ||   107
       Short sword       |       |       |   364 |   650 |   400 |       ||  1414
       Bite              |       |       |    42 |    74 |   123 |    68 ||   307
       Rapier            |       |       |       |       |   625 |   749 ||  1374
Throw: Stone             |       |       |       |       |       |     2 ||     2
 Cast: Sandblast         |    26 |    45 |   114 |   123 |    56 |     3 ||   367
       Passwall          |     2 |       |    16 |    19 |    18 |    41 ||    96
       Petrify           |       |       |    12 |   137 |   198 |    81 ||   428
       Lee's Rapid Decon |       |       |     1 |    26 |    29 |    82 ||   138
       Regeneration      |       |       |       |    10 |       |       ||    10
       Confusing Touch   |       |       |       |       |     1 |     1 ||     2
       Mephitic Cloud    |       |       |       |       |     2 |     3 ||     5
       Spectral Weapon   |       |       |       |       |       |     2 ||     2
       Vampiric Draining |       |       |       |       |       |     2 ||     2
Invok: Curse Item        |       |       |     3 |       |     3 |       ||     6
 Abil: End Transformatio |     2 |       |       |     7 |     7 |     2 ||    18
       Bat Form          |     2 |       |       |     7 |     7 |     2 ||    18
Evoke: Wand              |       |       |       |     2 |     1 |     1 ||     4
       Lamp of fire      |       |       |       |     1 |     1 |     2 ||     4
  Use: Scroll            |     1 |       |     6 |     8 |     5 |     5 ||    25
       Potion            |       |     7 |     2 |    10 |     6 |    13 ||    38
 Stab: Sleeping          |       |     3 |    37 |    51 |    50 |    49 ||   190
       Petrified         |       |       |    19 |    47 |    85 |    35 ||   186
       Petrifying        |       |       |     3 |    79 |    73 |    31 ||   186
       Confused          |       |       |       |       |     1 |     1 ||     2
       Distracted        |       |       |       |       |     3 |     4 ||     7
       Invisible         |       |       |       |       |       |     3 ||     3
Armor: Robe              |     8 |    12 |    72 |    67 |   115 |    79 ||   353
Dodge: Dodged            |    35 |    36 |   263 |   483 |   592 |   402 ||  1811
Block: Buckler           |       |       |    58 |   198 |   129 |   132 ||   517
       Shield            |       |       |       |       |   171 |       ||   171

Table legend:
 A = Non-vault XP
 B = Vault XP
 C = Vault XP percentage of total XP
 D = Non-vault monster count
 E = Vault monster count
 F = Vault count percentage of total count
                 A         B        C        D         E       F
            +---------+---------+-------+---------+---------+-------
      Total |  177197 |  173145 |  49.4 |     707 |     379 |  34.9
            +---------+---------+-------+---------+---------+-------
        D:1 |      41 |      36 |  46.8 |      21 |       1 |   4.5
        D:2 |      61 |     297 |  83.0 |      18 |      15 |  45.5
        D:3 |     115 |       0 |   0.0 |      22 |       0 |   0.0
        D:4 |     438 |       5 |   1.1 |      30 |       3 |   9.1
        D:5 |     205 |       0 |   0.0 |      13 |       0 |   0.0
        D:6 |    1283 |       0 |   0.0 |      27 |       0 |   0.0
        D:7 |     975 |    2471 |  71.7 |      21 |      18 |  46.2
        D:8 |    1890 |       0 |   0.0 |      40 |       0 |   0.0
        D:9 |     937 |     897 |  48.9 |      20 |       1 |   4.8
       D:10 |    3139 |    3548 |  53.1 |      34 |       4 |  10.5
       D:11 |    4594 |    3607 |  44.0 |      36 |       7 |  16.3
     Lair:1 |    3706 |       0 |   0.0 |      18 |       0 |   0.0
     Lair:2 |     489 |       0 |   0.0 |       2 |       0 |   0.0
     Lair:3 |    4366 |    3318 |  43.2 |      13 |       8 |  38.1
     Lair:4 |    7051 |    6394 |  47.6 |      23 |      11 |  32.4
     Lair:5 |    4796 |    8940 |  65.1 |      15 |      42 |  73.7
     Lair:6 |    5993 |    7515 |  55.6 |      18 |      40 |  69.0
   Shoals:1 |   10907 |    2169 |  16.6 |      17 |       1 |   5.6
   Spider:1 |   17902 |    6689 |  27.2 |      43 |       2 |   4.4
   Spider:2 |   18168 |       0 |   0.0 |      42 |       0 |   0.0
   Spider:3 |   13527 |       0 |   0.0 |      39 |       0 |   0.0
   Spider:4 |   16895 |   26759 |  61.3 |      46 |      38 |  45.2
      Orc:1 |    4438 |    4356 |  49.5 |      45 |      33 |  42.3
      Orc:2 |    3229 |    6747 |  67.6 |      25 |      35 |  58.3
      Elf:1 |   13700 |    7840 |  36.4 |      23 |      15 |  39.5
      Elf:2 |   14736 |   22978 |  60.9 |      22 |      31 |  58.5
      Elf:3 |   22416 |   57563 |  72.0 |      33 |      44 |  57.1
        Lab |    1200 |     137 |  10.2 |       1 |       2 |  66.7
      Sewer |       0 |     879 | 100.0 |       0 |      28 | 100.0
            +---------+---------+-------+---------+---------+-------
